 Crawl Stoat Soup version 0.23-ish-327-95-g181beea39d (console) character file.

46 hilarita the Cudgeler (level 3, -1/37 HPs)
             Began as an Ogre Gladiator on Apr 15, 2024.
             Killed from afar by a dart slug (3 damage)
             ... with a slug dart
             ... on level 2 of the Dungeon.
             The game lasted 00:03:28 (994 turns).

hilarita the Cudgeler (Ogre Gladiator)               Turns: 994, Time: 00:03:29

Health: -1/37      AC:  4    Str: 19    XL:     3   Next: 68%
Magic:  3/3        EV: 10    Int:  9    God:
Gold:   75         SH:  0    Dex: 10    Spells: 2/2 levels left

rFire    . . .     SeeInvis .   a - +0 flail
rCold    . . .     Gourm    .   (no shield)
rNeg     . . .     Faith    .   b - +0 robe
rPois    .         Spirit   .   c - +1 hat
rElec    .         Warding  .   (no cloak)
rCorr    .         Reflect  .   (gloves unavailable)
MR       .....     Harm     .   (boots unavailable)
Stlth    +.........             (no amulet)
HPRegen  0.12/turn              (no ring)
MPRegen  0.08/turn              (no ring)

@: no status effects
A: large, unfitting armour, tough skin 1
a: no special abilities


You were on level 2 of the Dungeon.
You were not hungry.

You visited 1 branch of the dungeon, and saw 2 of its levels.

You collected 75 gold pieces.

Inventory:

Hand Weapons
 a - a +0 flail (weapon)
Missiles
 d - 3 throwing nets (quivered)
Armour
 b - a +0 robe (worn)
 c - a +1 hat (worn)
Potions
 e - a potion of might {unknown}
Comestibles
 f - 2 bread rations
 g - a fruit


   Skills:
 + Level 3.4 Fighting
 * Level 4.0 Maces & Flails
 + Level 2.4 Throwing
 + Level 3.0 Dodging


You had 2 spell levels left.
You didn't know any spells.
Your spell library was empty.

Dungeon Overview and Level Annotations

Branches:
Dungeon (2/15)

Altars:
Okawaru


Innate Abilities, Weirdness & Mutations

You are too large for most types of armour.
You have tough skin. (AC +1)


Message History

You hit the rat.
You kill the rat!
You start resting.
All of the chunks of flesh in your inventory have rotted away.
HP restored.
The goblin shouts!
The goblin shouts!
The goblin barely misses you.
The goblin hits you from afar with a spear.
You see here a scroll of identify.
The goblin hits you from afar with an enchanted spear.
The goblin hits you from afar with a spear!
The dart slug launches a dart at you. The slug dart hits you!
The goblin hits you from afar with a spear.
The goblin hits you from afar with an enchanted spear!
* * * LOW HITPOINT WARNING * * *
The dart slug launches a dart at you. The slug dart hits you!
You die...

#(##.########### #(##.#
# #.##.# ######
#########.##.### ##.....
........#(##...###...###
......[................(
######.#.<....###...###
#####.#######..........
##.....≈gw...####.#.###+
##....$?≈≈≈.8.# #.###
#.......@..8_8# #.
#.......≈≈≈.8.# #.
#%#.....≈g≈...# #. #
##.##.####### .?. #.#
###. #.# #.# #..


You could see a dart slug and 2 goblins.

Vanquished Creatures
  2 oozes (D:1)
  2 dart slugs (D:1)
  A leopard gecko (D:1)
  2 goblins
  6 hobgoblins
  3 jackals (D:1)
  A weasel (D:2)
  A ball python (D:1)
  3 bats (D:1)
  3 frilled lizards (D:1)
  A kobold (D:2)
  9 rats
34 creatures vanquished.

Notes
Turn   | Place    | Note
-------+----------+-------------------------------------------
     0 | D:1      | hilarita the Ogre Gladiator began the quest for the Orb.
     0 | D:1      | Reached XP level 1. HP: 22/22 MP: 1/1
    76 | D:1      | Reached XP level 2. HP: 24/29 MP: 2/2
   423 | D:1      | Reached XP level 3. HP: 37/37 MP: 3/3
   545 | D:1      | Reached skill level 4 in Maces & Flails
   805 | D:2      | Found an iron altar of Okawaru.
   994 | D:2      | HP: 2/37 [goblin/enchanted spear (8)]
   994 | D:2      | Killed from afar by a dart slug

Vault maps used:
D:1:      tarquinn_simple_flora_water_a
D:2:      grunt_temple_overflow_opulence, kennysheep_okawaru_gauntlet,
          first_bread, grunt_decor_fettered, uniq_crazy_yiuf_cottage,
          uniq_terence

Skill      XL: |  1  2  3 |
---------------+----------+-----
Fighting       | 3 |  3.4
Dodging        | 3 |  3.0
Maces & Flails | 4 |  4.0
Throwing       | |  2.4

Action                   || total
-------------------------++-------
Melee: Flail             ||    84
  Use: Scroll            ||     5
Armor: Robe              ||    22
Dodge: Dodged            ||    61

Table legend:
 A = Spawn XP
 B = Non-spawn XP
 C = Spawn XP percentage of total XP
 D = Spawn monster count
 E = Non-spawn monster count
 F = Spawn count percentage of total count
 G = Total turns spent on level
                    A         B        C        D         E        F      G
               +---------+---------+-------+---------+---------+-------+---------
         Total |       3 |      64 |   4.5 |       2 |      32 |   5.9 |   994
               +---------+---------+-------+---------+---------+-------+---------
           D:1 |       0 |      59 |   0.0 |       0 |      29 |   0.0 |   669
           D:2 |       3 |       5 |  37.5 |       2 |       3 |  40.0 |   325
               +---------+---------+-------+---------+---------+-------+---------
